 Dungeon Crawl Stone Soup version 0.30-a0-859-gf88a04b62d (webtiles) character file.

Game seed: 2069693574375499733

4 Esekla the Sneak (level 1, 0/16 HPs)
             Began as an Octopode Delver on Mar 6, 2023.
             Succumbed to a scorpion's poison
             ... on level 5 of the Dungeon.
             The game lasted 00:01:24 (113 turns).

Esekla the Sneak (Octopode Delver)                   Turns: 113, Time: 00:01:24

Health: 0/16       AC:  1    Str:  9 (11) XL:     1   Next: 60%
Magic:  1/1        EV: 13    Int:  9 (12) God:
Gold:   24         SH:  0    Dex: 12 (13) Spells: 0/0 levels left

rFire   . . .      SeeInvis .    a - +0 falchion
rCold   . . .      Faith    .    (no shield)
rNeg    . . .      Spirit   .    (helmet restricted)
rPois   .          Reflect  .    (no amulet)
rElec   .          Rampage  .    (no ring)
rCorr   .                        (no ring)
Will    .....                    (no ring)
Stlth   ++++                     (no ring)
HPRegen 0.22/turn                (no ring)
MPRegen 0.07/turn                (no ring)
                                 (no ring)
                                 (no ring)

@: lethally poisoned (0 -> -3)
A: almost no armour, amphibious, 8 rings, camouflage 1, gelatinous body 1,
(nimble swimmer 1), tentacles
a: no special abilities


You were on level 5 of the Dungeon.
You visited 2 branches of the dungeon, and saw 2 of its levels.

You collected 24 gold pieces.

Inventory:

Hand Weapons
 a - a +0 falchion (weapon)
Wands
 f - a wand of digging (3)
Scrolls
 b - a scroll of fog
 d - a scroll of fear
Potions
 e - a potion of haste


   Skills:
 * Level 3.0 Fighting
 * Level 2.0 Long Blades
 * Level 2.0 Dodging
 + Level 6.7 Stealth
 * Level 0.1 Spellcasting


You couldn't memorise any spells.
You didn't know any spells.
Your spell library was empty.

Dungeon Overview and Level Annotations

Branches:
Dungeon (5/15)             Temple (1/1) D:5

Altars:
Ashenzari
Cheibriados
Dithmenos
Elyvilon
Hepliaklqana
Kikubaaqudgha
Nemelex Xobeh
Qazlal
Ru
Sif Muna
Trog
Vehumet
Xom
Yredelemnul


Innate Abilities, Weirdness & Mutations

You cannot wear most types of armour.
You are amphibious.
You can wear up to eight rings at the same time.
Your skin changes colour to match your surroundings (Stealth+).
Your rubbery body absorbs attacks. (AC +1, EV +1)
((You are camouflaged when in or above water. (Stealth+)))
You have tentacles for arms and can constrict up to eight enemies at once.


Message History

Found five altars.
Found 2 stones.
Are you sure you want to abandon this character and quit the game? (Confirm with "yes".)
Okay, then.
There is an open door here.
An orc comes into view. It is wielding a +0 hand axe.
The orc shouts!
The orc moves out of view.
A scorpion comes into view.
You closely miss the orc. Your grab misses the orc.
The orc hits you with a +0 hand axe.
You completely miss the orc. Your grab misses the orc.
The orc hits you with a +0 hand axe.
You hit the orc. Your grab misses the orc. Your squeeze misses the orc.
The orc is almost dead.
The orc hits you with a +0 hand axe.
You hit the orc.
You kill the orc!
You hit the scorpion but do no damage. You grab the scorpion.
You squeeze the scorpion, but do no damage.
You constrict the scorpion, but do no damage.
The scorpion closely misses you. The scorpion stings you.
* * * LOW HITPOINT WARNING * * *
You are lethally poisoned!
The scorpion poisons you!
It was a potion of degeneration.
There was something very wrong with that liquid.
You feel weakened.
You feel dopey.
You feel clumsy.
You constrict the scorpion.
* * * LOW HITPOINT WARNING * * *
You feel sick. The scorpion closely misses you.
You hit the scorpion but do no damage. You squeeze the scorpion.
The scorpion is moderately wounded.
You constrict the scorpion.
* * * LOW HITPOINT WARNING * * *
You feel sick. The scorpion barely misses you.
You hit the scorpion but do no damage. You squeeze the scorpion.
The scorpion is heavily wounded.
You constrict the scorpion, but do no damage.
You die...

*,,.,,,,,,* ####....#*,**,,,,,,,
*,,..,,,,,* #.......+,,**,******
***....,,,* #.......**,##.#
*.....,** #......###....##*
*......* #....<......_...***
*......### #......#.._..._.,,**
*.......s###......#.......(,,,,
*#######..####'####._..8...,,**
##..###@# #........,,,, *****
##..##s# #.._..._.*,** *,,,*
###....# #...._.J.*,* *,,,*
#...>### #......#.*,* ,,,,*
#.....# *,,,,,**,*,* ,,,,*
#.....# ********,*,* ,,,,*
#.....########****,*,*
*,,,*######.............,,,,,,,*
*,,,*#......#....#######******,*


You could see a scorpion.

Vanquished Creatures
  2 orcs (D:5)
2 creatures vanquished.

Notes
Turn   | Place    | Note
-------+----------+-------------------------------------------
     0 | D:5      | Esekla the Octopode Delver began the quest for the Orb.
     0 | D:5      | Reached XP level 1. HP: 16/16 MP: 1/1
    25 | D:5      | Found a staircase to the Ecumenical Temple.
    40 | Temple   | Entered the Ecumenical Temple
    81 | D:5      | Found a stormy altar of Qazlal.
    82 | D:5      | Found a basalt altar of Yredelemnul.
    83 | D:5      | Found a radiant altar of Vehumet.
    83 | D:5      | Found a bloodstained altar of Trog.
    83 | D:5      | Found a sparkling altar of Nemelex Xobeh.
    83 | D:5      | Found a shadowy altar of Dithmenos.
    83 | D:5      | Found a snail-covered altar of Cheibriados.
    83 | D:5      | Noticed a jelly
    97 | D:5      | Noticed a scorpion
   113 | D:5      | Succumbed to a scorpion's poison

Illustrated notes

Levels and vault maps discovered:
D:5:      layout_basic, grunt_temple_overflow_open,
          minmay_temple_entry_junction, nicolae_shop_firing_range, uniq_edmund,
          uniq_blork_the_orc
Temple:   nicolae_temple_little_seven

Action                     || total
---------------------------++-------
  Melee: Falchion          ||    10
         Tentacles         ||     4
         Constrict         ||     2
    Use: Scroll            ||     1
         Potion            ||     1
 Armour: Skin              ||     1
  Dodge: Dodged            ||     4

Table legend: (Time is in decaauts)
 A = Elapsed time spent in this place.
 B = Non-inter-level travel time spent in this place.
 C = Inter-level travel time spent in this place.
 D = Time resting spent in this place.
 E = Time spent auto-exploring this place.
 F = Levels seen in this place.
 G = Mean time per level.
                   A        B        C        D        E       F      G
               +--------+--------+--------+--------+--------+-----+--------+
         Total |    115 |    115 |      0 |      0 |      0 |   2 |   57.5 |
       Dungeon |     97 |     97 |      0 |      0 |      0 |   1 |   97.0 |
        Temple |     17 |     17 |      0 |      0 |      0 |   1 |   17.0 |
               +--------+--------+--------+--------+--------+-----+--------+

Top non-repeatable levels by time:
     D:5: 97 daAuts
  Temple: 17 daAuts
